 Dungeon Crawl Stone Soup version 0.24.0-13-gcf9b3192b9 (webtiles) character file.

Game seed: 2225400472901917271, levelgen mode: deterministic

39 sking99 the Chopper (level 3, -3/33 HPs)
             Began as a Hill Orc Monk on Nov 9, 2019.
             Slain by Natasha (7 damage)
             ... on level 2 of the Dungeon.
             The game lasted 00:02:30 (1477 turns).

sking99 the Chopper (Hill Orc Monk)                 Turns: 1477, Time: 00:02:31

Health: -3/33      AC:  3    Str: 14    XL:     3   Next: 47%
Magic:  3/3        EV: 12    Int: 10    God:
Gold:   61         SH:  0    Dex: 13    Spells: 2/2 levels left

rFire    . . .     SeeInvis .   a - +0 hand axe
rCold    . . .     Gourm    .   (no shield)
rNeg     . . .     Faith    .   m - +0 leather armour
rPois    .         Spirit   .   (no helmet)
rElec    .         Reflect  .   (no cloak)
rCorr    .         Harm     .   (no gloves)
MR       .....                  (no boots)
Stlth    ++........             (no amulet)
HPRegen  0.11/turn              (no ring)
MPRegen  0.08/turn              (no ring)

@: slowed, very slow
A: no striking features
a: no special abilities


You were on level 2 of the Dungeon.
You were not hungry.

You visited 1 branch of the dungeon, and saw 2 of its levels.

You collected 61 gold pieces.

Inventory:

Hand Weapons
 a - a +0 hand axe (weapon)
Armour
 m - a +0 leather armour (worn)
Jewellery
 f - a +4 ring of intelligence {unknown}
Scrolls
 g - a scroll of amnesia {unknown}
 h - 2 scrolls of identify {unknown}
 l - a scroll of enchant armour {unknown}
Potions
 b - a potion of flight {unknown}
 d - a potion of agility {unknown}
 e - a potion of magic {unknown}
 i - a potion of degeneration {unknown}
 k - a potion of invisibility {unknown}
 n - a potion of heal wounds {unknown}
 o - a potion of ambrosia {unknown}
Comestibles
 c - a ration
 j - a chunk of flesh


   Skills:
 + Level 4.2 Fighting
 * Level 5.3 Axes
 - Level 2.4 Dodging
 - Level 1.5 Stealth


You had 2 spell levels left.
You didn't know any spells.
Your spell library was empty.

Dungeon Overview and Level Annotations

Branches:
Dungeon (2/15)

Altars:
Okawaru

Annotations:
D:2 Natasha


Message History

Natasha claws you but does no damage.
You closely miss Natasha.
Natasha is heavily wounded.
You barely miss the crimson imp.
Natasha hisses.
Natasha casts a spell at you. You resist with significant effort.
The crimson imp blinks!
Natasha howls an incantation.
You feel troubled.
Natasha stares at you and mumbles some strange words.
The magic dart hits you.
* * * LOW HITPOINT WARNING * * *
You hit Natasha.
Natasha is almost dead.
You hit the crimson imp.
The crimson imp blinks!
Natasha mumbles some strange words.
You hit Natasha.
Natasha is almost dead.
Natasha barely misses you.
The crimson imp blinks!
Natasha claws you!
You die...

#.........# #.##.#
..........###.##.##########
#..................[......# .
#.>.......###.##.####..##.##.#
.........(......# #.......#
........###5#### #.#.#.##.#
#######.# #.# #.....#
#.###.### ###.###### #.#gh@..#
#......... # ########.#.#.#.#
#.#.######
##.##......(.ยง...5.# #.#.#
#........###.#.#.#5#####.#.#
.$.......# #.#...........#.#
.##...##5# #.#####.#######.#
#.... #..##.# #.........#
...._. ....#.# ###########
.#...g #.....#


You could see Natasha, 3 crimson imps and a goblin.

Vanquished Creatures
  An adder (D:2)
  A worm (D:2)
  A dart slug (D:1)
  A leopard gecko (D:2)
  2 bats (D:1)
  4 giant cockroaches (D:1)
  2 hobgoblins
  A quokka (D:1)
  A frilled lizard (D:1)
  4 goblins
  A kobold (D:1)
  6 rats
25 creatures vanquished.

Notes
Turn   | Place    | Note
-------+----------+-------------------------------------------
     0 | D:1      | sking99 the Hill Orc Monk began the quest for the Orb.
     0 | D:1      | Reached XP level 1. HP: 19/19 MP: 1/1
    69 | D:1      | Reached XP level 2. HP: 27/27 MP: 2/2
   970 | D:2      | Reached skill level 5 in Axes
  1053 | D:2      | Reached XP level 3. HP: 28/33 MP: 3/3
  1459 | D:2      | Found an iron altar of Okawaru.
  1459 | D:2      | Noticed Natasha
  1477 | D:2      | Slain by Natasha

Levels and vault maps discovered:
D:1:      onia_arrival_larder, layout_loops_ring
D:2:      kennysheep_big_flooded_room, layout_loops_ring, okawaru_gym_becter,
          uniq_natasha, uniq_sigmund

Skill      XL: |  1  2 |
---------------+-------+-----
Fighting       | 4 |  4.2
Axes           | 5 |  5.3
Dodging        | |  2.4
Stealth        | |  1.5

Action                   || total
-------------------------++-------
Melee: Hand axe          ||    94
 Stab: Sleeping          ||     6
       Distracted        ||     1
  Eat: Chunk             ||     2
Armor: Robe              ||     7
       Leather armour    ||     3
Dodge: Dodged            ||    48
